 Dungeon Crawl Stone Soup version 0.28-a0-589-g333b8329f1 (webtiles) character file.

Game seed: 1627793897597614710

44 bande the Covered (level 3, 0/23 HPs)
             Began as a Gargoyle Fighter on Oct 3, 2021.
             Slain by a bat (1 damage)
             ... on level 2 of the Dungeon.
             The game lasted 00:01:38 (1612 turns).

bande the Covered (Gargoyle Fighter)                Turns: 1612, Time: 00:01:38

Health: 0/23       AC: 10    Str: 20    XL:     3   Next: 62%
Magic:  3/3        EV:  9    Int:  8    God:
Gold:   63         SH:  4    Dex:  9    Spells: 2/2 levels left

rFire   . . .      SeeInvis .   a - +0 war axe
rCold   . . .      Faith    .   c - +0 buckler
rNeg    + . .      Spirit   .   b - +0 scale mail
rPois   ∞          Reflect  .   (no helmet)
rElec   +          Harm     .   (no cloak)
rCorr   .          Rampage  .   (no gloves)
Will    .....                   (no boots)
Stlth   ..........              (no amulet)
HPRegen 0.07/turn               (no ring)
MPRegen 0.08/turn               (no ring)

@: no status effects
A: sickness immunity, AC +3, negative energy resistance 1, electricity
resistance, torment resistance 1, petrification resistance
a: no special abilities


You were on level 2 of the Dungeon.
You visited 1 branch of the dungeon, and saw 2 of its levels.

You collected 63 gold pieces.

Inventory:

Hand Weapons
 a - a +0 war axe (weapon)
Armour
 b - a +0 scale mail (worn)
 c - a +0 buckler (worn)
Scrolls
 e - a scroll of identify
 f - a scroll of amnesia {unknown}
Potions
 d - a potion of might
 g - a potion of degeneration {unknown}
 h - a potion of magic


   Skills:
 + Level 3.6 Fighting
 + Level 2.4 Axes
 + Level 3.7 Armour
 - Level 0.2 Stealth
 + Level 3.7 Shields


You had 2 spell levels left.
You didn't know any spells.
Your spell library was empty.

Dungeon Overview and Level Annotations

Branches:
Dungeon (2/15)

Altars:


Innate Abilities, Weirdness & Mutations

You are immune to sickness and miasma.
Your stone body is resilient. (AC +3)
You are immune to poison.
You resist negative energy. (rN+)
You are resistant to electric shocks. (rElec)
You are resistant to unholy torment.
You are immune to petrification.


Message History

The hobgoblin hits you but does no damage.
The adder bites you but does no damage. The bat hits you but does no damage.
The gnoll closely misses you. The hobgoblin barely misses you.
Unknown command.
You closely miss the hobgoblin. You closely miss the bat. You hit the adder.
You block the bat's attack. You block the adder's attack.
The gnoll hits you from afar with a +0 spear.
The hobgoblin hits you but does no damage.
The adder closely misses you. The bat closely misses you.
You slash the hobgoblin!
You kill the hobgoblin!
You hit the bat but do no damage. You miss the adder.
The bat hits you but does no damage. The bat barely misses you.
The adder closely misses you.
The gnoll hits you from afar with a +0 spear.
The adder bites you but does no damage. The bat closely misses you.
The gnoll closely misses you. The bat hits you but does no damage.
The adder closely misses you. You block the gnoll's attack.
You see here a hobgoblin corpse.
Unknown command.
You barely miss the adder.
The adder is heavily wounded.
You miss the bat. The bat barely misses you. The adder barely misses you.
The bat barely misses you.
The gnoll hits you from afar with a +0 spear.
* * * LOW HITPOINT WARNING * * *
The adder bites you but does no damage.
You miss the adder.
The adder is heavily wounded.
You miss the bat. The bat hits you but does no damage.
You block the adder's attack.
The gnoll hits you from afar with a +0 spear.
* * * LOW HITPOINT WARNING * * *
The adder bites you but does no damage. The gnoll barely misses you.
You hit the adder.
The adder is severely wounded.
You barely miss the bat. The bat hits you but does no damage. x2
The bat hits you.
You die...

.## #... ##.# #..# # ## #..#
#..# #. #. #..##..# .## #.
#..#..# ..# #....## r.### #
#..#..## ##g.#.# #. #..##..##
##S.##.# ####### #.
#####..#.#..###.@# #.# #.....#
##
.......##.#..#..#b##.###.....#
#.
.(.....#.#.#...#.#.#..)......#
#.
..†....#############.###.....#
#. ####.....#
#..#.....>....###. #.....#
#..#.............. #.....#
#..#.......#####.. #.....#
#..........#####.# #.....#
##................


You could see a gnoll, an adder, a bat and a rat.

Vanquished Creatures
  An adder (D:2)
  3 ball pythons
  2 endoplasms (D:1)
  2 giant cockroaches (D:2)
  8 goblins
  4 hobgoblins
  3 bats
  3 frilled lizards (D:1)
  3 kobolds
  3 rats (D:1)
32 creatures vanquished.

Notes
Turn   | Place    | Note
-------+----------+-------------------------------------------
     0 | D:1      | bande the Gargoyle Fighter began the quest for the Orb.
     0 | D:1      | Reached XP level 1. HP: 14/14 MP: 1/1
   198 | D:1      | Reached XP level 2. HP: 19/19 MP: 2/2
  1096 | D:2      | Reached XP level 3. HP: 23/23 MP: 3/3
  1611 | D:2      | HP: 1/23 [gnoll (5)]
  1612 | D:2      | Slain by a bat

Illustrated notes

Levels and vault maps discovered:
D:1:      dpeg_arrival_lava_temple_mockup, layout_loops_ring
D:2:      minmay_diamond_boxcup, layout_loops_cross,
          hellmonk_ecumenical_altar_watching_god

Skill      XL: |  1  2 |
---------------+-------+-----
Axes           | 2 |  2.4
Fighting       | |  3.6
Armour         | |  3.7
Stealth        | |  0.2
Shields        | |  3.7

Action                   || total
-------------------------++-------
Melee: War axe           ||   120
  Use: Scroll            ||     3
Armor: Scale mail        ||    95
Dodge: Dodged            ||    61
Block: Buckler           ||    29

Table legend: (Time is in decaauts)
 A = Elapsed time spent in this place.
 B = Non-inter-level travel time spent in this place.
 C = Inter-level travel time spent in this place.
 D = Time resting spent in this place.
 E = Time spent auto-exploring this place.
 F = Levels seen in this place.
 G = Mean time per level.
                   A        B        C        D        E       F      G
               +--------+--------+--------+--------+--------+-----+--------+
         Total |   1660 |   1660 |      0 |      0 |   1382 |   2 |  830.0 |
       Dungeon |   1660 |   1660 |      0 |      0 |   1382 |   2 |  830.0 |
               +--------+--------+--------+--------+--------+-----+--------+

Top non-repeatable levels by time:
     D:1: 1116 daAuts
     D:2: 543 daAuts
